 Dungeon Crawl Stone Soup version 0.28.0 (webtiles) character file.

Game seed: 13830868647544196938

596 sanboga the Skirmisher (level 7, -3/44 HPs)
             Began as a Gargoyle Fighter on Feb 17, 2022.
             Was an Initiate of Trog.
             Slain by a kobold (4 damage)
             ... on level 5 of the Dungeon.
             The game lasted 00:05:37 (4915 turns).

sanboga the Skirmisher (Gargoyle Fighter)           Turns: 4915, Time: 00:05:38

Health: -3/44      AC: 14    Str: 21    XL:     7   Next: 40%
Magic:  0/7        EV:  7    Int:  9    God:    Trog [......]
Gold:   117        SH:  4    Dex:  9    Spells: 6/6 levels left

rFire   . . .      SeeInvis +   a - +0 war axe
rCold   . . .      Faith    .   c - +0 buckler
rNeg    + . .      Spirit   +   g - +0 chain mail
rPois   ∞          Reflect  .   (helmet restricted)
rElec   +          Harm     .   (no cloak)
rCorr   +          Rampage  .   (no gloves)
Will    .....                   (no boots)
Stlth   ..........              m - amulet of guardian spirit
HPRegen 0.14/turn               e - ring of see invisible
MPRegen 0.10/turn               f - ring of resist corrosion

@: no status effects
A: sickness immunity, AC +4, negative energy resistance 1, electricity
resistance, torment resistance 1, petrification resistance, antennae 1
a: Renounce Religion


You were on level 5 of the Dungeon.
You worshipped Trog.
Trog was noncommittal.
You visited 2 branches of the dungeon, and saw 6 of its levels.

You collected 145 gold pieces.
You spent 28 gold pieces at shops.

Inventory:

Hand Weapons
 a - a +0 war axe (weapon)
Armour
 c - a +0 buckler (worn)
 g - a +0 chain mail (worn)
Jewellery
 e - a ring of see invisible (left hand)
 f - a ring of resist corrosion (right hand)
 m - an amulet of guardian spirit (around neck)
Scrolls
 d - a scroll of noise {unknown}
 k - a scroll of magic mapping {unknown}
 l - a scroll of fear {unknown}
Potions
 b - a potion of heal wounds
 h - a potion of resistance
 i - a potion of ambrosia {unknown}
 j - a potion of cancellation {unknown}


   Skills:
 + Level 5.0 Fighting
 * Level 4.7 Axes
 + Level 4.9 Armour
 + Level 5.0 Shields


You had 6 spell levels left.
You didn't know any spells.
Your spell library contained the following spells:

 Spells                   Type           Power      Damage    Failure   Level
 Animate Skeleton         Necr           0%         N/A       99%         1
 Apportation              Tloc           0%         N/A       99%         1
 Summon Small Mammal      Summ           0%         N/A       99%         1
 Iskenderun's Battlesphe  Conj           0%         2d6       100%        5
 Iron Shot                Conj/Erth      0%         9d1       100%        6
 Spellforged Servitor     Conj/Summ      0%         N/A       100%        7


Dungeon Overview and Level Annotations

Branches:
Dungeon (5/15)             Temple (1/1) D:4

Altars:
Ashenzari
Cheibriados
Dithmenos
Elyvilon
Fedhas
Gozag
Hepliaklqana
Kikubaaqudgha
Nemelex Xobeh
Okawaru
Qazlal
Ru
Sif Muna
Trog
Uskayaw
Vehumet
Wu Jian
Xom
Yredelemnul
Zin
The Shining One

Shops:
D:1 **=(   D:3 ?


Innate Abilities, Weirdness & Mutations

You are immune to sickness and miasma.
Your stone body is resilient. (AC +4)
You are immune to poison.
You resist negative energy. (rN+)
You are resistant to electric shocks. (rElec)
You are resistant to unholy torment.
You are immune to petrification.
You have a pair of small antennae on your head.


Message History

The water moccasin skeleton bites you but does no damage.
Unknown command.
You barely miss the wyvern zombie.
The wyvern zombie is severely damaged.
You slash the water moccasin skeleton!
The wyvern zombie bites you but does no damage.
You block the water moccasin skeleton's attack.
The wyvern zombie bites you but does no damage.
A kobold comes into view. It is wielding a +0 short sword.
You barely miss the wyvern zombie.
The wyvern zombie is severely damaged.
You slash the water moccasin skeleton!
The water moccasin skeleton completely misses you.
The wyvern zombie bites you.
The water moccasin skeleton completely misses you.
The wyvern zombie bites you.
You hit the wyvern zombie.
The wyvern zombie is severely damaged.
You slash the water moccasin skeleton!
The wyvern zombie bites you but does no damage.
The water moccasin skeleton bites you.
The wyvern zombie bites you but does no damage.
The water moccasin skeleton bites you.
* * * LOW HITPOINT WARNING * * *
You barely miss the wyvern zombie.
The wyvern zombie is severely damaged.
You hit the water moccasin skeleton.
You destroy the water moccasin skeleton!
Trog accepts your kill.
The wyvern zombie bites you but does no damage.
Your Fighting skill increases to level 5!
Your Shields skill increases to level 5!
You slash the wyvern zombie!
The wyvern zombie is almost destroyed.
You barely miss the kobold. The wyvern zombie bites you!
* * * LOW HITPOINT WARNING * * *
The wyvern zombie bites you.
* * * LOW HITPOINT WARNING * * *
The kobold hits you with a +0 whip.
You die...

#......# #......+
....... ######......#
###.......
............#
#>........
#..........#
#.#..(.... #.........#
#.#.......
#.........###.#.......
#....####.....#.....#
#....########)@Z....+
####.........K#.....#
#.#######.##.#####
#.....<##. .#
#..#####P. .# #..# ...
.. #### ..♣. .. ... ..


You could see a wyvern zombie and a kobold.

Vanquished Creatures
  Sigmund (D:3)
  A necrophage (D:4)
  2 water moccasin skeletons
  Jessica (D:3)
  An orc wizard (D:4)
  Terence (D:2)
  3 hound skeletons
  2 adders
  A shadow imp (D:4)
  An ufetubus (D:4)
  An adder skeleton (D:4)
  A worm (D:3)
  A dart slug (D:1)
  8 orcs (D:4)
  9 endoplasms
  A giant cockroach (D:1)
  12 goblins
  5 hobgoblins
  2 jackals (D:2)
  8 kobolds
  A quokka (D:3)
  4 ball pythons
  10 bats
  3 frilled lizards
  5 rats
85 creatures vanquished.

Vanquished Creatures (others)
  13 plants
13 creatures vanquished.

Grand Total: 98 creatures vanquished

Notes
Turn   | Place    | Note
-------+----------+-------------------------------------------
     0 | D:1      | sanboga the Gargoyle Fighter began the quest for the Orb.
     0 | D:1      | Reached XP level 1. HP: 14/14 MP: 1/1
   160 | D:1      | Reached XP level 2. HP: 19/19 MP: 2/2
   171 | D:1      | Found Vuatosk's Jewellery Shoppe.
   663 | D:1      | Found Baor's Assorted Antiques.
   665 | D:1      | Found Yngait's Assorted Antiques.
   766 | D:1      | Found Hyusai's Antique Weapon Shop.
   771 | D:1      | Reached XP level 3. HP: 23/23 MP: 3/3
  1722 | D:2      | Reached XP level 4. HP: 29/29 MP: 4/4
  2336 | D:3      | Noticed Terence
  2336 | D:3      | Noticed Sigmund
  2362 | D:2      | Killed Terence
  2522 | D:3      | Killed Sigmund
  2523 | D:3      | Reached XP level 5. HP: 28/34 MP: 5/5
  2523 | D:3      | Reached XP level 6. HP: 32/39 MP: 6/6
  2732 | D:3      | Found Atait's Magic Scroll Boutique.
  2760 | D:3      | Bought a scroll of identify for 28 gold pieces
  3238 | D:3      | Noticed Jessica
  3247 | D:3      | Killed Jessica
  3654 | D:4      | Noticed a necrophage
  3667 | D:4      | Gained mutation: You have a pair of small antennae on your
                  | head. [potion of mutation]
  3678 | D:4      | Killed a necrophage
  3962 | D:4      | Reached XP level 7. HP: 35/44 MP: 5/7
  4104 | D:4      | Found a staircase to the Ecumenical Temple.
  4135 | Temple   | Entered the Ecumenical Temple
  4259 | Temple   | Became a worshipper of Trog the Wrathful
  4880 | D:5      | Entered Level 5 of the Dungeon
  4915 | D:5      | Reached skill level 5 in Fighting
  4915 | D:5      | Reached skill level 5 in Shields
  4915 | D:5      | HP: 1/44 [wyvern zombie (2)]
  4915 | D:5      | Slain by a kobold

Illustrated notes

Levels and vault maps discovered:
D:1:      dpeg_arrival_arbitrary_a, layout_rooms, serial_shops, shop, shop,
          shop, nicolae_shop_hallway_plus
D:2:      layout_basic, serial_corexii_hall, corexii_hall_statues_deadend,
          corexii_hall_statues_l
D:3:      layout_basic, serial_forest, infiniplex_forest_lined_room_,
          infiniplex_forest_clump_double, infiniplex_forest_clump_small,
          infiniplex_forest_fountain, serial_shops, shop_statue, uniq_terence,
          uniq_jessica, uniq_sigmund
D:4:      layout_loops_cross, minmay_temple_entry_wispy
D:5:      kennysheep_kobold_camp, layout_basic, serial_shops,
          nicolae_shop_competitors_out_of_business, lemuel_flame_loot_1
Temple:   kilobyte_greek_temple

Skill      XL: |  1  2  3  4  5  6  7 |
---------------+----------------------+-----
Axes           | 2 3 4 |  4.7
Fighting       | 4 5 |  5.0
Armour         | 4 |  4.9
Shields        | 4 5 |  5.0

Action                   |  1- 3 |  4- 6 |  7- 9 || total
-------------------------+-------+-------+-------++-------
Melee: War axe           |    88 |   148 |    50 ||   286
  Use: Potion            |       |     2 |       ||     2
       Scroll            |       |     3 |     1 ||     4
Armor: Scale mail        |    31 |       |       ||    31
       Chain mail        |    29 |   115 |    33 ||   177
Dodge: Dodged            |    39 |    58 |    24 ||   121
Block: Buckler           |    19 |    25 |    10 ||    54
